 Dungeon Crawl Stone Soup version 0.26.0-45-g9c1d065592 (webtiles) character file.

Game seed: 7254381023698177976

107 kaeus the Sneak (level 4, -1/31 HPs)
             Began as an Octopode Monk on Jan 28, 2021.
             Slain by an orc
             ... wielding a +0 dagger
              (2 damage)
             ... on level 3 of the Dungeon.
             The game lasted 00:03:03 (1606 turns).

kaeus the Sneak (Octopode Monk)                     Turns: 1606, Time: 00:03:03

Health: -1/31      AC:  1    Str: 10    XL:     4   Next: 85%
Magic:  4/4        EV: 15    Int: 12    God:
Gold:   102        SH:  0    Dex: 15    Spells: 3/3 levels left

rFire    . . .     SeeInvis +   a - +0 short sword
rCold    . . .     Faith    .   (no shield)
rNeg     . . .     Spirit   .   (helmet restricted)
rPois    .         Reflect  .   (no amulet)
rElec    .         Harm     .   b - ring of stealth
rCorr    .         Rampage  .   c - ring of teleportation (curse)
Will     .....     Rnd*Tele +   i - ring of see invisible
Stlth    +++++.....             (no ring)
HPRegen  0.10/turn              (no ring)
MPRegen  0.09/turn              (no ring)
                                (no ring)
                                (no ring)

@: no status effects
A: almost no armour, stealthy swim, amphibious, 8 rings, constrict 8, camouflage
1, gelatinous body 1
a: no special abilities


You were on level 3 of the Dungeon.
You visited 1 branch of the dungeon, and saw 3 of its levels.

You collected 102 gold pieces.

Inventory:

Hand Weapons
 a - a +0 short sword (weapon)
Jewellery
 b - a ring of stealth (left tentacle)
 c - a cursed ring of teleportation (right tentacle)
 i - a ring of see invisible (on tentacle)
Wands
 l - a wand of flame (10)
Scrolls
 d - a scroll of identify
 f - a scroll of fog
 j - a scroll of remove curse {unknown}
Potions
 e - a potion of degeneration {unknown}
 g - a potion of heal wounds {unknown}
 h - a potion of berserk rage {unknown}
 k - a potion of curing {unknown}


   Skills:
 + Level 3.5 Fighting
 + Level 3.5 Short Blades
 + Level 3.5 Dodging
 * Level 4.9 Stealth


You had 3 spell levels left.
You didn't know any spells.
Your spell library was empty.

Dungeon Overview and Level Annotations

Branches:
Dungeon (3/15)

Altars:


Innate Abilities, Weirdness & Mutations

You cannot wear most types of armour.
You are very stealthy in the water. (Stealth+)
You are amphibious.
You can wear up to eight rings at the same time.
You can use your tentacles to constrict eight enemies at once.
Your skin changes colour to match your surroundings (Stealth+).
Your rubbery body absorbs attacks. (AC +1, EV +1)


Message History

The orc misses you. The orc hits you with a +0 flail!
You take 10 damage, and have 11/31 hp.
MASSIVE DAMAGE!!
You hit the quokka. Your grab misses the quokka. You squeeze the quokka.
You kill the quokka!
The orc barely misses you. The orc hits you with a +0 dagger.
* * * LOW HITPOINT WARNING * * *
Items here: ))) [ †.
You take 2 damage, and have 9/31 hp.
The goblin hits you but does no damage. The orc hits you with a +0 dagger.
* * * LOW HITPOINT WARNING * * *
You take 4 damage, and have 5/31 hp.
There is a stone staircase leading up here.
You hit the orc but do no damage. You grab the orc.
You squeeze the orc, but do no damage.
You constrict the orc, but do no damage.
The orc barely misses you. The goblin hits you with a +0 dagger.
* * * LOW HITPOINT WARNING * * *
The orc hits you with a +0 dagger.
You die...

###########
...........#####
#....).........#
#..............#
#..............#
#.......@......#
#......oog######
#.......).......
#.........######
#....†....#
####.........######
......†............
###.?............#
#.##+####......#


You could see 2 orcs and a goblin.

Vanquished Creatures
  3 adders
  2 oozes (D:1)
  A worm (D:2)
  A dart slug (D:2)
  A leopard gecko (D:1)
  3 orcs (D:3)
  4 ball pythons
  5 giant cockroaches
  4 goblins
  5 hobgoblins
  8 jackals
  2 kobolds (D:1)
  3 quokkas
  7 bats
  A frilled lizard (D:1)
  7 rats
57 creatures vanquished.

Notes
Turn   | Place    | Note
-------+----------+-------------------------------------------
     0 | D:1      | kaeus the Octopode Monk began the quest for the Orb.
     0 | D:1      | Reached XP level 1. HP: 16/16 MP: 1/1
     1 | D:1      | Found a runed translucent door.
    97 | D:1      | Reached skill level 3 in Stealth
   142 | D:1      | You fall into a shaft and drop 1 floor!
   156 | D:2      | Reached XP level 2. HP: 21/21 MP: 2/2
   345 | D:1      | Reached XP level 3. HP: 26/26 MP: 3/3
   865 | D:1      | Reached skill level 4 in Stealth
  1153 | D:2      | Reached XP level 4. HP: 31/31 MP: 4/4
  1584 | D:2      | You fall into a shaft and drop 1 floor!
  1606 | D:3      | HP: 1/31 [goblin/+0 dagger (4)]
  1606 | D:3      | Slain by an orc

Illustrated notes

Levels and vault maps discovered:
D:1:      dpeg_arrival_caged_fury, layout_basic, minmay_pentomino_x4
D:2:      layout_basic, kennysheep_generic_room_15
D:3:      layout_basic, old_standard_altar,
          chequers_temple_overflow_statue_of_worship, mrwooster_statue_mirror,
          eino_tiny_chamber, st_stairs_5, minmay_misc_feat_iff,
          dk_noncrumbling_2

Skill      XL: |  1  2  3 |
---------------+----------+-----
Stealth        | 3 4 |  4.9
Fighting       | |  3.5
Short Blades   | |  3.5
Dodging        | |  3.5

Action                   |  1- 3 |  4- 6 || total
-------------------------+-------+-------++-------
Melee: Short sword       |    75 |    52 ||   127
       Constrict         |    16 |    17 ||    33
       Tentacles         |    11 |    12 ||    23
  Use: Scroll            |     1 |     2 ||     3
 Stab: Sleeping          |     8 |     1 ||     9
       Distracted        |       |     1 ||     1
Armor: Skin              |     4 |     4 ||     8
Dodge: Dodged            |    55 |    38 ||    93
